 Dungeon Crawl Stone Soup version 5.2-56-g927a965 (webtiles) character file.

37530 Charmandara the Severer (level 16, -2/113 HPs)
             Began as a Skeleton Fighter on Dec 16, 2017.
             Was an Initiate of Gozag.
             Killed from afar by a thorn hunter (33 damage)
             ... with a volley of thorns
             ... on level 3 of the Swamp.
             The game lasted 00:45:51 (22084 turns).

Charmandara the Severer (Skeleton Fighter)         Turns: 22084, Time: 00:45:51

Health: -2/113     AC: 37 (48%)Str: 24  XL:     16   Next: 40%
Magic:  0/17       EV:  2    Int:  9    God:    Gozag
Gold:   2530       SH:  2    Dex: 15    Spells: 13/15 levels left

rFire    . . .     SeeInvis .   b - +5 battleaxe (elec)
rCold    + . .     Faith    .   (shield currently unavailable)
rNeg     + + +     Spirit   +   l - +5 crystal plate armour
rPois    ∞         Reflect  .   w - +1 helmet {Int+3}
rElec    +                      r - +0 cloak
rCorr    .                      j - +0 pair of gloves
MR       ++...                  s - +2 pair of boots {Dex+3}
Stlth    ..........             q - amulet of guardian spirit {Spirit}
Regen    0.3/turn               U - ring "Qiydwouc" {rElec MR+}
MPRegen  0.3/turn               G - +3 ring of slaying

@: about to teleport, gold aura, constricted, corpse armour
A: spooky, fear immunity, bone armour, cold resistance 1, negative energy
resistance 3, torment resistance, unbreathing
a: Potion Petition, Call Merchant, Bribe Branch, Renounce Religion


You were on level 3 of the Swamp.
You worshipped Gozag.
Gozag was most pleased with you.
You were not hungry.

You visited 3 branches of the dungeon, and saw 20 of its levels.
You also visited: Sewer and Ice Cave.

You collected 7421 gold pieces.
You spent 1930 gold pieces at shops.
You paid 2961 gold pieces to Gozag.

Inventory:

Hand Weapons
 a - a +6 arbalest of freezing
   (You found it in an ice cave)
 b - a +5 battleaxe of electrocution (weapon)
   (You took it off Rupert on level 13 of the Dungeon)
 E - a +0 broad axe
   (You took it off a vault guard on level 15 of the Dungeon)
 T - a +0 battleaxe of freezing
   (You took it off a frost giant in an ice cave)
 X - a +4 antimagic war axe
   (You found it in an ice cave)
Missiles
 h - 241 poisoned darts
 k - 541 bolts
 o - 13 curare darts
 p - 31 frenzy darts
 t - 109 javelins (quivered)
Armour
 c - a +0 shield
 j - a +0 pair of gloves (worn)
   (You found it on level 2 of the Dungeon)
 l - a +5 crystal plate armour (worn)
   (You bought it in a shop on level 10 of the Dungeon)
 r - a +0 cloak (worn)
   (You found it on level 3 of the Dungeon)
 s - a +2 pair of boots of dexterity (worn)
   (You bought it in a shop on level 10 of the Dungeon)
 w - a +1 helmet of intelligence (worn)
   (You found it on level 11 of the Dungeon)
 Q - a +1 large shield of protection
   (You bought it in a shop on level 15 of the Dungeon)
Magical Staves
 e - an uncursed staff of fire {rF+}
   (You found it on level 1 of the Swamp)
Jewellery
 i - an uncursed ring of protection from magic {MR+, !d}
   (You found it on level 2 of the Swamp)
 q - an amulet of guardian spirit (around neck) {Spirit}
   (You found it on level 3 of the Dungeon)
 v - a +5 ring of intelligence
   (You found it on level 4 of the Dungeon)
 x - a +3 ring of protection
   (You found it on level 5 of the Dungeon)
 A - a +3 ring of evasion
   (You found it on level 6 of the Dungeon)
 G - a +3 ring of slaying (right hand)
   (You found it on level 13 of the Dungeon)
 H - a +3 amulet of reflection
   (You found it on level 8 of the Dungeon)
 K - an uncursed ring of resist corrosion
   (You found it on level 8 of the Dungeon)
 U - the ring "Qiydwouc" (left hand) {rElec MR+}
   (You bought it in a shop on level 2 of the Orcish Mines)

   [ring of protection from magic]

   It insulates you from electricity.
   It affects your resistance to hostile enchantments.
 W - an uncursed ring of ice {rC+, rF-}
   (You found it in an ice cave)
Wands
 n - a wand of polymorph (7)
 N - a wand of lightning (4)
 R - a wand of flame (24)
Scrolls
 g - 6 scrolls of amnesia
 y - 3 scrolls of magic mapping {!r}
 F - 2 scrolls of fog
 L - 2 scrolls of immolation {!r}
 P - 2 scrolls of teleportation
Potions
 d - 6 potions of curing
 f - 5 potions of magic
 m - 4 potions of cancellation
 u - 2 potions of resistance
 z - a potion of augmentation
 M - 2 potions of flight
Miscellaneous
 B - a phial of floods
   (You found it on level 11 of the Dungeon)


   Skills:
 + Level 11.6 Fighting
 + Level 19.1 Axes
 * Level 7.2 Crossbows
 + Level 12.0 Armour
 - Level 9.3 Shields
 - Level 2.1 Evocations


You had 13 spell levels left.
You knew the following spells:

 Your Spells              Type           Power        Failure   Level  Hunger
d - Repel Missiles        Chrm/Air       0 (100)      100%        2    N/A

Dungeon Overview and Level Annotations

Branches:
Dungeon (15/15)             Swamp (3/3) Orc:2         Slime (0/4) Orc:2
    Orc (2/2) D:15         Vaults (0/3) D:15         Depths (0/3) D:15
  Snake: Orc:2       Spider: Orc:2

Altars:
Cheibriados
Dithmenos
Elyvilon
Gozag
Hepliaklqana
Jiyva
Kikubaaqudgha
Makhleb
Nemelex Xobeh
Okawaru
Qazlal
Ru
Sif Muna
Trog
Uskayaw
Vehumet
Wu Jian
Xom
Yredelemnul
Zin
The Shining One

Shops:
D:10 [   D:12 }   D:13 :   D:15 [   Orc:2 =(*[

Annotations:
D:9 exclusion: obsidian statue


Innate Abilities, Weirdness & Mutations

You are spooky and scary.
You do not feel fear.
You gain temporary bone armour from killing.
You are immune to poison.
Your flesh is cold resistant. (rC+)
You are immune to negative energy. (rN+++)
You are immune to unholy pain and torment.
You can survive without breathing.


Message History

The volley of thorns hits you!
You are struck by the briar patch's thorns (2).
You hit the briar patch (1).
There is a sudden explosion of sparks (9)!
You hit the briar patch (4).
You are struck by the briar patch's thorns (7).
You hit the briar patch but do no damage.
The thorn hunter fires a volley of thorns at you.
The volley of thorns hits you!
That hurt (2)!
You take 9 damage, and have 89/113 hp.
You slice the briar patch (33)!!
You destroy the briar patch!
You slice the briar patch (31)!!
You destroy the briar patch!
You hit the briar patch but do no damage.
The thorn hunter fires a volley of thorns at you.
The volley of thorns hits you!
A ghost crab comes into view.
The thorn hunter fires a volley of thorns at you.
The volley of thorns hits you!
The ghost crab breathes spectral mist at you.
The spectral mist engulfs the thorn hunter (0).
You slice the briar patch (30)!!
There is a sudden explosion of sparks (12)!
You destroy the briar patch!
You slash the briar patch (15)!
You hit the briar patch but do no damage.
There is a sudden explosion of sparks (9)!
You hit the briar patch but do no damage.
The briar patch is engulfed in spectral mist (5).
The briar patch is destroyed!
The briar patch is engulfed in spectral mist (6).
The briar patch is engulfed in spectral mist (16).
The briar patch is destroyed!
The thorn hunter is engulfed in spectral mist (5).
The thorn hunter fires a volley of thorns at you.
The volley of thorns hits you!
That hurt (38)!
You take 32 damage, and have 57/113 hp.
MASSIVE DAMAGE!!
You now have 10/17 mp.
Aim: a thorn hunter (spectral mist, lightly damaged)
You throw a javelin.
The javelin closely misses the thorn hunter (0).
The javelin hits the ghost crab (10)!
The briar patch is engulfed in spectral mist (9).
The briar patch is destroyed!
The thorn hunter is engulfed in spectral mist (5).
The spectral anaconda constricts you (1).
The spectral anaconda bites you but does no damage.
The thorn hunter is engulfed in spectral mist (2).
The thorn hunter hits you but does no damage.
The thorn hunter barely misses you.
Unknown command.
You closely miss the thorn hunter. You slash the briar patch (7)!
You destroy the briar patch!
You barely miss the spectral anaconda.
The spectral anaconda constricts you but does no damage.
The spectral anaconda bites you (8)!
The thorn hunter is engulfed in spectral mist (4).
The thorn hunter hits you but does no damage. x2
The ghost crab is distracted by your gold.
You take 7 damage, and have 50/113 hp.
You hit the thorn hunter (4). You closely miss the spectral anaconda.
You slice the spectral five-headed hydra (24)!!
The spectral anaconda constricts you but does no damage.
The spectral anaconda bites you (1). The spectral anaconda grabs you.
The spectral anaconda bites you but does no damage.
The spectral anaconda constricts you (0).
The thorn hunter is engulfed in spectral mist (6).
The thorn hunter hits you (11)!
The thorn hunter hits you but does no damage.
You take 10 damage, and have 40/113 hp.
You now have 8/17 mp.
You hit the thorn hunter (2). You slice the spectral anaconda (21)!!
You slash the spectral five-headed hydra (9)!
There is a sudden explosion of sparks (5)!
The spectral anaconda bites you but does no damage.
The spectral anaconda constricts you (0).
The spectral five-headed hydra bites you but does no damage.
You block the spectral five-headed hydra's attack.
The spectral five-headed hydra bites you but does no damage. x2
The spectral five-headed hydra bites you (2).
The thorn hunter is engulfed in spectral mist (10).
The thorn hunter hits you (2). The thorn hunter hits you (9)!
* * * LOW HITPOINT WARNING * * *
You take 10 damage, and have 30/113 hp.
You now have 5/17 mp.
Unknown command.
As you read the scroll of teleportation, it crumbles to dust.
You feel strangely unstable.
The spectral anaconda bites you but does no damage.
The spectral anaconda constricts you (0).
The spectral five-headed hydra bites you but does no damage. x4
The spectral five-headed hydra barely misses you.
The spectral anaconda bites you but does no damage.
The spectral anaconda constricts you (0).
The thorn hunter is engulfed in spectral mist (8).
The thorn hunter fires a volley of thorns at you.
The volley of thorns hits you!
That hurt (38)!
You die...
Your body crumbles into a pile of gold.

.≈.≈.≈..≈..≈≈.≈.....♣♣
..♣♣♣♣......≈§≈≈.....♣
§.♣.♣♣≈....≈.≈..≈..≈.♣
♣♣♣♣.......≈≈..≈....♣♣
♣......≈..≈..≈..≈≈..♣♣
....♣♣..≈.≈...≈.≈≈...♣
♣≈♣♣♣♣≈.≈≈........≈.♣♣
....♣♣...§...≈≈.♣.≈..♣
....♣♣≈....≈≈.§Z@≈P.≈♣
.≈..§♣§≈.≈≈....ZZfP≈.♣
.≈.≈≈♣≈........t§♣§.≈♣
≈.♣≈♣♣...≈♣..≈.§§§.≈≈♣
♣♣♣♣♣.§..≈........≈.♣♣
..§≈≈....♣♣♣
.......... ..♣♣♣≈♣≈..


You could see a thorn hunter, a ghost crab, a spectral anaconda, a spectral
five-headed hydra and a spectral spiny frog.

Vanquished Creatures
  Saint Roka (Orc:2)
  Nikola (Swamp:2)
  Rupert (D:13)
  2 thorn hunters (Swamp:2)
  An orc warlord (Orc:2)
  A frost giant (IceCv)
  2 very ugly things (Swamp:3)
  Azrael (Orc:2)
  A green death (Swamp:3)
  An ogre mage (D:14)
  4 vault guards (D:15)
  A ghost crab (Swamp:1)
  An anaconda (Swamp:3)
  12 hydras
  4 two-headed ogres
  3 alligators
  3 centaur warriors
  2 death yaks (IceCv)
  5 orc high priests
  6 skeletal warriors
  A flayed ghost (D:15)
  3 spriggan druids
  A wizard (D:14)
  4 swamp dragons
  Pikel (D:7)
  4 orc knights
  A necromancer (D:15)
  A wolf spider zombie (D:15)
  9 ugly things
  4 deep elf magi
  A stone giant zombie (D:15)
  2 hornets
  A cyclops (D:15)
  6 orc sorcerers
  2 manticores
  2 centaur zombies
  4 black mambas (Swamp:3)
  3 molten gargoyles (D:9)
  5 spiny frogs
  2 orange demons (Swamp:3)
  4 centaur skeletons
  An efreet (D:15)
  2 yaktaur zombies (D:15)
  8 trolls
  19 polar bears (IceCv)
  3 tyrant leeches
  A deep troll zombie (D:15)
  2 bog bodies
  11 slime creatures
  10 blink frogs
  5 shadows
  Sigmund (D:4)
  3 spriggans (Swamp:2)
  6 wyverns
  17 yaks
  3 fire elementals (Orc:2)
  2 angry ghosts
  A steam dragon (D:8)
  13 vampire mosquitoes
  13 swamp worms
  6 wargs
  3 acid dragons
  5 hell hounds (Orc:2)
  A spiny frog zombie (D:7)
  5 water moccasins
  Duvessa (D:4)
  48 orc warriors
  2 spiny frog skeletons
  5 swamp drakes
  4 ice beasts
  2 black bears
  12 wasps
  16 wolves (IceCv)
  2 phantoms
  2 blink frog zombies
  11 ogres
  10 centaurs
  A blink frog skeleton (D:9)
  A rime drake zombie (D:11)
  3 bullfrogs
  2 wyvern zombies
  Dowan (D:4)
  A wyvern skeleton (D:12)
  A scorpion (D:5)
  A water moccasin zombie (D:7)
  19 killer bees
  6 crimson imps
  A howler monkey (D:4)
  3 wights (D:11)
  A bullfrog zombie (D:7)
  A wasp zombie (D:8)
  12 orc priests
  3 hounds
  8 jellies
  4 worker ants
  15 orc wizards
  4 iguanas
  A killer bee zombie (D:6)
  14 adders
  6 gnolls
  A shadow imp (D:5)
  12 white imps (Orc:2)
  12 oozes (Sewer)
  6 dart slugs
  61 orcs
  8 quokkas
  13 ball pythons
  18 giant cockroaches
  5 hobgoblins
  13 jackals
  3 bats
  7 frilled lizards
  7 goblins
  A jackal zombie (D:5)
  8 kobolds
  6 rats
  4 briar patches (Swamp:3)
  6 fungi (Orc:2)
  A withered plant (D:15)
671 creatures vanquished.

Vanquished Creatures (collateral kills)
  An acid dragon (D:14)
  An orc warrior (Orc:2)
  An ogre (Orc:2)
3 creatures vanquished.

Vanquished Creatures (others)
  A shadow (D:14)
  A swamp drake (Swamp:1)
  An ice beast (D:15)
  An ogre (D:14)
  A quasit (D:7)
  A jackal (D:4)
  3 briar patches (Swamp:3)
  6 fungi
15 creatures vanquished.

Grand Total: 689 creatures vanquished

Notes
Turn   | Place    | Note
-------+----------+-------------------------------------------
     0 | D:1      | Charmandara the Skeleton Fighter began the quest for the Orb.
     0 | D:1      | Reached XP level 1. HP: 15/15 MP: 1/1
    41 | D:1      | Reached XP level 2. HP: 20/20 MP: 2/2
   248 | D:1      | Reached skill level 3 in Axes
   421 | D:1      | Charmandara: ugh that was sad
   421 | D:1      | Charmandara: got too greedy again
   421 | D:1      | Charmandara: that tm was good
   436 | D:2      | Reached XP level 3. HP: 20/25 MP: 3/3
   509 | D:2      | Reached skill level 4 in Axes
   510 | D:2      | Found a sparkling altar of Nemelex Xobeh.
   719 | D:2      | Found an opulent altar of Gozag.
   773 | D:2      | HP: 6/25 [adder (3)]
   777 | D:2      | HP: 2/25 [adder (4)]
   778 | D:2      | Reached XP level 4. HP: 3/30 MP: 4/4
  1052 | D:2      | Became a worshipper of Gozag Ym Sagoz the Greedy
  1543 | D:3      | Found an iron altar of Okawaru.
  1552 | D:3      | Reached skill level 5 in Axes
  1552 | D:3      | Reached XP level 5. HP: 19/35 MP: 5/5
  1806 | D:3      | Found a burning altar of Makhleb.
  2118 | D:3      | Found a shadowy altar of Dithmenos.
  2123 | D:3      | msp: i missed it o.o;
  2126 | D:3      | Charmandara: i had options
  2126 | D:3      | Charmandara: zerked prematurely
  2126 | D:3      | Charmandara: passed out
  2126 | D:3      | Charmandara: died
  2266 | D:3      | msp: =\
  2274 | D:3      | Found a shimmering altar of Xom.
  2493 | D:3      | Charmandara: now i can't zerk :D
  2506 | D:4      | Found a glowing silver altar of Zin.
  2568 | D:4      | Noticed Sigmund
  2590 | D:4      | Killed Sigmund
  2590 | D:4      | Reached skill level 6 in Axes
  2590 | D:4      | Reached XP level 6. HP: 29/41 MP: 6/6
  2599 | D:4      | Reached skill level 7 in Axes
  2756 | D:4      | Noticed Duvessa
  2756 | D:4      | Noticed Dowan
  2765 | D:4      | Killed Duvessa
  2765 | D:4      | Reached XP level 7. HP: 39/45 MP: 7/7
  2767 | D:4      | Killed Dowan
  3013 | D:4      | Found a hide-covered altar of Uskayaw.
  3014 | D:4      | Found an ancient bone altar of Kikubaaqudgha.
  3603 | D:4      | Found a sparkling altar of Nemelex Xobeh.
  3682 | D:5      | Entered Level 5 of the Dungeon
  3691 | D:5      | Reached skill level 8 in Axes
  4053 | D:5      | Reached skill level 9 in Axes
  4053 | D:5      | Reached XP level 8. HP: 51/51 MP: 8/8
  4316 | D:5      | Reached skill level 10 in Axes
  4912 | D:6      | Found a burning altar of Makhleb.
  4915 | D:6      | Noticed a cacodemon
  5086 | D:6      | Found an ornate altar of the Wu Jian Council.
  5099 | D:6      | Found a viscous altar of Jiyva.
  5105 | D:6      | Found a glowing golden altar of the Shining One.
  5107 | D:6      | Found a white marble altar of Elyvilon.
  5109 | D:6      | Found a stormy altar of Qazlal.
  5111 | D:6      | Found a bloodstained altar of Trog.
  5114 | D:6      | Found a basalt altar of Yredelemnul.
  5115 | D:6      | Found a radiant altar of Vehumet.
  5135 | D:6      | Found a hazy altar of Hepliaklqana.
  5186 | D:6      | Reached skill level 11 in Axes
  5219 | D:6      | Reached XP level 9. HP: 49/55 MP: 7/9
  5255 | D:6      | Found a glowing drain.
  5262 | Sewer    | Entered a sewer
  6088 | D:7      | Reached skill level 12 in Axes
  6100 | D:7      | Found a deep blue altar of Sif Muna.
  6139 | D:7      | Reached skill level 3 in Fighting
  6139 | D:7      | Reached skill level 3 in Armour
  6261 | D:7      | Noticed a troll
  6272 | D:7      | HP: 13/56 [troll (6)]
  6274 | D:7      | Killed a troll
  6274 | D:7      | Reached skill level 4 in Shields
  6519 | D:7      | Noticed Pikel
  6541 | D:7      | Killed Pikel
  6770 | D:7      | Reached XP level 10. HP: 63/63 MP: 10/10
  7041 | D:7      | Found a sacrificial altar of Ru.
  7122 | D:7      | Reached skill level 4 in Fighting
  7295 | D:7      | Found a snail-covered altar of Cheibriados.
  7475 | D:8      | Reached skill level 4 in Armour
  7475 | D:8      | Reached skill level 5 in Shields
  8278 | D:9      | Noticed a molten gargoyle
  8288 | D:9      | Reached skill level 13 in Axes
  8296 | D:9      | Killed a molten gargoyle
  8638 | D:9      | Noticed a molten gargoyle
  8764 | D:9      | Reached skill level 6 in Shields
  8947 | D:9      | Noticed an obsidian statue
  8951 | D:9      | Noticed a molten gargoyle
  8955 | D:9      | Noticed a smoke demon
  9019 | D:9      | Reached skill level 5 in Armour
  9124 | D:9      | Reached skill level 5 in Fighting
  9176 | D:9      | Noticed a molten gargoyle
  9189 | D:9      | Killed a molten gargoyle
  9314 | D:9      | Noticed a spiny frog
  9325 | D:9      | Killed a spiny frog
  9325 | D:9      | Reached XP level 11. HP: 27/72 MP: 7/11
  9558 | D:9      | HP: 13/72 [molten gargoyle/+0 mace (7)]
 10643 | D:10     | Entered Level 10 of the Dungeon
 10672 | D:10     | Noticed an eight-headed hydra
 10722 | D:10     | HP: 18/72 [eight-headed hydra (8)]
 11056 | D:10     | Bought a +0 crystal plate armour for 880 gold pieces
 11056 | D:10     | Bought a +0 pair of boots of dexterity for 126 gold pieces
 11325 | D:11     | Reached skill level 14 in Axes
 11325 | D:11     | Reached skill level 7 in Shields
 11818 | D:11     | Noticed a centaur warrior
 11832 | D:11     | Killed a centaur warrior
 11832 | D:11     | Reached skill level 6 in Fighting
 11832 | D:11     | Reached skill level 6 in Armour
 11852 | D:11     | Noticed a white ugly thing
 11864 | D:11     | Killed a white ugly thing
 12039 | D:11     | Noticed an orc high priest
 12098 | D:11     | Killed an orc high priest
 12559 | D:11     | Charmandara: cpa :D
 12559 | D:11     | Charmandara: im in biz
 12559 | D:11     | msp: big
 12624 | D:12     | Noticed a two-headed ogre
 12629 | D:12     | Killed a two-headed ogre
 12629 | D:12     | Reached skill level 8 in Shields
 12629 | D:12     | Reached XP level 12. HP: 80/80 MP: 12/12
 12709 | D:12     | Found Xesig's Gadget Boutique.
 12890 | D:12     | Noticed an orc high priest
 12903 | D:12     | Killed an orc high priest
 13151 | D:12     | Reached skill level 7 in Armour
 13468 | D:13     | Reached skill level 7 in Fighting
 13468 | D:13     | Reached skill level 15 in Axes
 13578 | D:13     | Found Asusk's Book Shop.
 14037 | D:13     | Noticed Rupert
 14060 | D:13     | Killed Rupert
 14060 | D:13     | Reached skill level 9 in Shields
 14316 | D:13     | Learned a level 2 spell: Repel Missiles
 14335 | D:14     | Noticed a two-headed ogre
 14336 | D:14     | Noticed a two-headed ogre
 14337 | D:14     | Noticed an ogre mage
 14338 | D:14     | Noticed a six-headed hydra
 14352 | D:14     | Killed a two-headed ogre
 14352 | D:14     | Reached XP level 13. HP: 78/88 MP: 10/13
 14357 | D:14     | Reached skill level 8 in Fighting
 14357 | D:14     | Reached skill level 8 in Armour
 14376 | D:14     | Killed an ogre mage
 14376 | D:14     | Reached skill level 16 in Axes
 14463 | D:14     | Got An Early Guide to Magic
 15338 | D:15     | Entered Level 15 of the Dungeon
 15418 | D:15     | Found a staircase to the Depths.
 15444 | D:15     | Reached skill level 9 in Armour
 15709 | D:15     | Reached skill level 9 in Fighting
 15911 | D:15     | Found Hiafisam's Armour Shop.
 15926 | D:15     | Bought a +1 large shield of protection for 297 gold pieces
 16091 | D:15     | Found a gate to the Vaults.
 16091 | D:15     | Noticed a vault guard
 16091 | D:15     | Noticed a vault guard
 16091 | D:15     | Noticed a vault guard
 16094 | D:15     | Noticed a vault guard
 16100 | D:15     | Killed a vault guard
 16100 | D:15     | Reached skill level 17 in Axes
 16137 | D:15     | HP: 20/90 [wolf spider zombie (5)]
 16151 | D:15     | Reached XP level 14. HP: 54/97 MP: 10/14
 16767 | D:15     | Found a staircase to the Orcish Mines.
 17048 | Orc:1    | Entered Level 1 of the Orcish Mines
 17428 | Orc:2    | Entered Level 2 of the Orcish Mines
 17432 | Orc:2    | Noticed an orc warlord
 17440 | Orc:2    | Found Boeshrow's Antique Armour Boutique.
 17459 | Orc:2    | Killed an orc warlord
 17467 | Orc:2    | Reached skill level 10 in Armour
 17516 | Orc:2    | Reached skill level 10 in Fighting
 17562 | Orc:2    | Found Onuat's General Store.
 17606 | Orc:2    | Found a staircase to the Swamp.
 17613 | Orc:2    | Found a staircase to the Slime Pits.
 17674 | Orc:2    | Found Kimo's Antique Weapon Boutique.
 17683 | Orc:2    | Noticed Azrael
 17701 | Orc:2    | Killed Azrael
 17704 | Orc:2    | Reached skill level 18 in Axes
 17733 | Orc:2    | Found a frozen archway.
 17747 | Orc:2    | Noticed Saint Roka
 17770 | IceCv    | Entered an ice cave
 17980 | IceCv    | Reached XP level 15. HP: 104/105 MP: 15/15
 18214 | IceCv    | Noticed a frost giant
 18236 | IceCv    | Reached skill level 1 in Evocations
 18249 | IceCv    | Killed a frost giant
 18610 | Orc:2    | Killed Saint Roka
 18610 | Orc:2    | Reached skill level 11 in Armour
 18610 | Orc:2    | Reached skill level 2 in Evocations
 18627 | Orc:2    | Found Muosoh's Jewellery Emporium.
 18639 | Orc:2    | Bought the ring "Qiydwouc" {rElec MR+} for 429 gold pieces
 18722 | Orc:2    | Bought 2 scrolls of teleportation for 108 gold pieces
 18722 | Orc:2    | Bought a potion of augmentation for 90 gold pieces
 19127 | Swamp:1  | Entered Level 1 of the Swamp
 19381 | Swamp:1  | Reached skill level 1 in Crossbows
 20044 | Swamp:1  | Reached skill level 2 in Crossbows
 20225 | Swamp:1  | Reached skill level 11 in Fighting
 20353 | Swamp:2  | Noticed a thorn hunter
 20375 | Swamp:2  | Reached skill level 3 in Crossbows
 20377 | Swamp:2  | Killed a thorn hunter
 20428 | Swamp:2  | Noticed a thorn hunter
 20434 | Swamp:2  | Killed a thorn hunter
 20444 | Swamp:2  | Reached skill level 4 in Crossbows
 20645 | Swamp:2  | Noticed Nikola
 20674 | Swamp:2  | Killed Nikola
 20674 | Swamp:2  | Reached skill level 5 in Crossbows
 21041 | Swamp:3  | Entered Level 3 of the Swamp
 21048 | Swamp:3  | Reached XP level 16. HP: 104/112 MP: 15/17
 21252 | Swamp:3  | Reached skill level 19 in Axes
 21252 | Swamp:3  | Reached skill level 6 in Crossbows
 21889 | Swamp:3  | Reached skill level 7 in Crossbows
 22033 | Swamp:3  | Reached skill level 12 in Armour
 22072 | Swamp:3  | Noticed a thorn hunter
 22084 | Swamp:3  | Killed from afar by a thorn hunter

Skill      XL: |  1  2  3  4  5  6  7  8  9 10 11 12 13 14 15 16 |
---------------+-------------------------------------------------+-----
Axes           | 3 4 5 6 7 9 11 12 13 14 15 17 18 19 | 19.1
Fighting       | 3 5 6 7 9 10 11 | 11.6
Armour         | 3 5 6 7 9 10 11 12 | 12.0
Shields        | 4 6 8 9 |  9.3
Evocations     | 2 |  2.1
Crossbows      | 5 7 |  7.2

Action                   |  1- 3 |  4- 6 |  7- 9 | 10-12 | 13-15 | 16-18 || total
-------------------------+-------+-------+-------+-------+-------+-------++-------
Melee: War axe           |    93 |   146 |   357 |   702 |       |       ||  1298
       Battleaxe         |       |       |       |     4 |   722 |   109 ||   835
 Fire: Arbalest          |       |       |       |       |    56 |    24 ||    80
Throw: Stone             |     1 |       |     6 |       |       |       ||     7
       Curare dart       |       |       |       |     3 |       |       ||     3
       Javelin           |       |       |       |    12 |    16 |     9 ||    37
Invok: Potion Petition   |       |       |       |     1 |     3 |     1 ||     5
       Call Merchant     |       |       |       |     1 |       |       ||     1
Evoke: Phial of floods   |       |       |       |     1 |     2 |       ||     3
       Wand              |       |       |       |       |     6 |       ||     6
  Use: Potion            |     1 |     2 |     1 |     3 |     6 |       ||    13
       Scroll            |       |     3 |       |    14 |     6 |     1 ||    24
 Stab: Paralysed         |       |     2 |     1 |    15 |    24 |     2 ||    44
       Invisible         |       |     1 |       |       |    10 |       ||    11
       Distracted        |       |       |     2 |     4 |    14 |     3 ||    23
       Fleeing           |       |       |       |       |     4 |     1 ||     5
Armor: Scale mail        |    44 |    53 |   158 |   113 |       |       ||   368
       Crystal plate arm |       |       |       |   266 |   625 |   196 ||  1087
Dodge: Dodged            |    23 |    41 |   117 |   164 |   250 |    40 ||   635
Block: Shield            |    48 |    78 |   214 |   371 |       |       ||   711
       Other             |       |       |       |       |   132 |    28 ||   160

Vault maps used:
D:1:      dpeg_arrival_windows_large_door, minmay_misc_feat_ornament
D:2:      nemelex_xobeh_ov_fountains_minmay, grunt_gozag_statues
D:3:      nicolae_dithmenos_through_a_glass_darkly, lightli_temple_of_fire,
          okawaru_altar_gauntlet_db, marbit_many_paths,
          kennysheep_generic_room_10
D:4:      kiku_gazebo_pond_becter, zin_academy, lemuel_doored_altar,
          serial_bayou_pond_a, grunt_ministairs_6, nemelex_lonely_heart_becter,
          uniq_sigmund, uniq_duvessa
D:6:      kennysheep_little_box, hellmonk_temple_overflow_bars,
          lightli_sewer_entry_pipes, makhleb_altar_promises_db
D:7:      lemuel_blue_sif_altar, nicolae_ru_path_of_blood, kennysheep_mini_moat,
          uniq_pikel
D:9:      serial_bayou_pond_d, minivault_8
D:12:     serial_shops, shop
D:13:     serial_shops, shop, uniq_rupert
D:14:     minivault_24
D:15:     gammafunk_depths_entry_grave, david_orc_1_choice,
          lightli_vaults_fourway_checkpoint, serial_shops, shop,
          minmay_misc_feat_diagonals
Swamp:1:  evilmike_swamp_ruin_rubble_1, infiniplex_staircase_pool_2
Swamp:2:  evilmike_swamp_ruin_rubble_2, swamp_pool1, uniq_nikola
Swamp:3:  swamp_vile, swamp_pool1, nicolae_swamp_snake_nest
Orc:1:    basic_altar
Orc:2:    grunt_orc_gardens, grunt_orc_garden, grunt_orc_garden,
          grunt_orc_garden, grunt_orc_garden, swamp_mist, slime_dummy,
          portal_ice_cave_entry_imps, uniq_saint_roka, uniq_azrael
Sewer:    sewer_frog_island_02
IceCv:    ice_cave_caverns_03

Table legend:
 A = Turns spent in this place as a percentage of turns spent in the entire game.
 B = Non-inter-level travel turns spent in this place as a percentage of non-inter-level travel turns spent in the entire game.
 C = Inter-level travel turns spent in this place as a percentage of turns spent in this place.
 D = Turns resting spent in this place as a percentage of non-inter-level travel turns spent in this place.
 E = Turns spent auto-exploring this place as a percentage of non-inter-level travel turns spent in this place.
 F = Non-inter-level travel turns spent in this place divided by the number of levels of this place that you've seen.
                   A       B       C       D       E      F
               +-------+-------+-------+-------+-------+----------------------
         Total | 100.0 | 100.0 |   0.5 |   2.5 |   6.9 | 286.8
       Dungeon |  67.3 |  67.2 |   0.5 |   2.7 |   7.5 | 282.8
         Swamp |  13.2 |  13.2 |   0.5 |   4.2 |   6.9 | 278.3
  Orcish Mines |  10.2 |  10.2 |   0.5 |   0.3 |   5.0 | 322.0
         Sewer |   3.8 |   3.8 |   0.0 |   0.0 |   6.6 | 241.0
      Ice Cave |   5.5 |   5.5 |   0.0 |   1.1 |   3.2 | 348.0
               +-------+-------+-------+-------+-------+----------------------

Table legend:
 A = Kills in this place as a percentage of kills in entire the game.
 B = Kills by you in this place as a percentage of kills by you in the entire game.
 C = Kills by friends in this place as a percentage of kills by friends in the entire game.
 D = Other kills in this place as a percentage of other kills in the entire game.
 E = Experience gained in this place as a percentage of experience gained in the entire game.
 F = Experience gained in this place divided by the number of levels of this place that you have seen.
                   A       B       C       D       E      F
               +-------+-------+-------+-------+-------+----------------------
         Total | 100.0 | 100.0 | 100.0 | 100.0 | 100.0 | 6822.4
       Dungeon |  47.5 |  47.3 |  33.3 |  83.3 |  41.5 | 4147.7
         Swamp |  16.3 |  16.4 |   0.0 |  16.7 |  32.9 | 16437.0
  Orcish Mines |  22.0 |  22.0 |  66.7 |   0.0 |  16.8 | 12614.5
         Sewer |   6.9 |   7.0 |   0.0 |   0.0 |   0.2 | 351.0
      Ice Cave |   7.3 |   7.4 |   0.0 |   0.0 |   8.7 | 12986.0
               +-------+-------+-------+-------+-------+----------------------
